AoeStats
← Malcolm Little

Black Forest

508130245Analyzed
4v4 RM · 11d ago on Sep 21, 2026· 56m 8s· 8 players
Game mode
Random Map
Map size
Large (8 player)
Population
200
Speed
Normal
Resources
Standard
Victory
Conquest
Starting age
Dark Age
Ending age
Imperial Age
RankedLock teamsTeams togetherTeam positionsShared explorationLock speedFull tech treeHidden civsTurbo modeCheats
Victory
Defeat
🇺🇸 Bohemians · United States
1460
+10
🇩🇴 Celts · Dominican Republic
1427
+12
🇺🇸 Koreans · United States
1367
+14
🇨🇱 Turks · Chile
1197
+22
🇦🇷 Teutons · Argentina
1436
-19
🇦🇷 Burmese · Argentina
1391
-17
🇦🇷 Khmer · Argentina
1295
-13
🇦🇷 Franks · Argentina
1171
-9
ds_manu2
5:21 Loom
7:14 Loom
9:48 Feudal Age
11:53 Double-Bit Axe
24:00 Fletching
31:59 Castle Age
33:11 Bow Saw
34:10 Wheelbarrow
35:25 Fortified Wall
35:26 Masonry
36:46 Horse Collar
38:41 Guard Tower
39:25 Heavy Plow
40:44 Ballistics
42:04 Town Watch
46:17 Imperial Age
45:18 Stone Mining
45:18 Gold Mining
48:03 Chemistry
47:39 Keep
47:28 Bodkin Arrow
47:33 Padded Archer Armor
47:10 Elite Skirmisher
49:51 Leather Archer Armor
52:44 Hand Cart
53:28 Crop Rotation
54:19 Stone Shaft Mining
menos que Corky
0:49 Loom
13:17 Feudal Age
17:15 Castle Age
18:00 Horse Collar
31:04 Heavy Plow
36:31 Imperial Age
35:05 Double-Bit Axe
36:32 Elite Ballista Elephant
40:53 Bloodlines
40:07 Light Cavalry
41:26 Scale Barding Armor
43:12 Chain Barding Armor
43:03 Forging
45:35 Iron Casting
46:08 Hussar
48:37 Plate Barding Armor
52:18 Blast Furnace
JLoops
12:10 Feudal Age
13:17 Horse Collar
13:30 Gold Mining
15:47 Castle Age
16:35 Heavy Plow
21:34 Wheelbarrow
22:14 Loom
22:56 Hand Cart
24:33 Town Watch
25:43 Gold Shaft Mining
28:39 Imperial Age
26:13 Treadmill Crane
26:49 Stone Mining
28:04 Scale Barding Armor
28:21 Forging
29:01 Bloodlines
29:14 Chain Barding Armor
30:00 Howdah
29:41 Elite Battle Elephant
30:51 Conscription
31:02 Husbandry
31:56 Plate Barding Armor
33:38 Devotion
36:03 Crop Rotation
36:15 Faith
37:22 Iron Casting
38:47 Manipur Cavalry
39:48 Blast Furnace
38:40 Light Cavalry
39:39 Man-at-Arms
40:19 Squires
40:05 Gambesons
40:21 Scale Mail Armor
40:13 Long Swordsman
41:31 Coinage
40:52 Two-Handed Swordsman
41:56 Chain Mail Armor
41:02 Pikeman
41:38 Arson
41:38 Champion
43:52 Plate Mail Armor
44:40 Town Patrol
44:14 Pikeman
47:28 Halberdier
49:10 Caravan
49:57 Hussar
Gorri
10:56 Feudal Age
15:22 Castle Age
13:40 Double-Bit Axe
15:42 Loom
20:53 Wheelbarrow
20:24 Scale Barding Armor
22:09 Forging
22:12 Gold Mining
24:42 Iron Casting
27:26 Chain Barding Armor
29:06 Bow Saw
31:46 Caravan
32:26 Husbandry
35:37 Imperial Age
34:49 Gold Shaft Mining
34:05 Stone Mining
36:21 Cavalier
37:39 Plate Barding Armor
38:04 Blast Furnace
37:48 Paladin
38:03 Capped Ram
39:48 Stone Mining
41:05 Hand Cart
40:35 Town Watch
41:24 Scale Mail Armor
47:30 Pikeman
48:11 Squires
49:03 Chain Mail Armor
49:27 Halberdier
50:39 Plate Mail Armor
50:06 Light Cavalry
RafaMath
0:31 Loom
12:29 Feudal Age
13:47 Wheelbarrow
17:27 Castle Age
15:41 Town Watch
17:04 Stone Mining
29:16 Double-Bit Axe
29:19 Horse Collar
32:07 Bow Saw
33:10 Padded Archer Armor
33:00 Fletching
36:18 Hand Cart
36:05 Town Patrol
36:08 Heavy Plow
44:51 Imperial Age
43:15 Leather Archer Armor
45:05 Bodkin Arrow
45:31 Ballistics
46:35 Bloodlines
46:25 Husbandry
46:05 Elite Janissary
47:44 Conscription
47:41 Masonry
48:50 Scale Barding Armor
49:23 Fervor
49:42 Forging
53:03 Chain Barding Armor
Malcolm Little
10:38 Feudal Age
14:51 Castle Age
13:34 Double-Bit Axe
13:34 Horse Collar
24:47 Wheelbarrow
24:30 Bow Saw
25:50 Gold Mining
26:00 Heavy Plow
27:29 Forging
27:20 Scale Mail Armor
30:00 Imperial Age
28:16 Gold Shaft Mining
28:28 Hand Cart
30:07 Iron Casting
28:54 Pikeman
30:04 Gambesons
30:05 Arson
30:03 Onager
30:03 Capped Ram
31:02 Chain Mail Armor
31:01 Loom
31:02 Town Watch
30:55 Siege Ram
31:23 Siege Onager
33:10 Chemistry
32:19 Halberdier
36:34 Blast Furnace
42:18 Plate Mail Armor
43:34 Heavy Scorpion
44:37 Fletching
44:48 Padded Archer Armor
44:54 Scale Barding Armor
47:57 Bodkin Arrow
48:18 Leather Archer Armor
48:09 Siege Engineers
48:16 Masonry
47:47 Treadmill Crane
49:33 Furor Celtica
49:44 Conscription
49:16 Stronghold
54:14 Caravan
54:44 Coinage
54:25 Guilds
55:31 Ballistics
ToTi
6:12 Loom
13:00 Feudal Age
16:52 Castle Age
14:53 Double-Bit Axe
16:11 Scale Barding Armor
25:36 Wheelbarrow
25:18 Fervor
27:26 Bow Saw
27:44 Bow Saw
27:15 Horse Collar
29:04 Hand Cart
33:19 Imperial Age
31:56 Chemistry
31:35 Heavy Plow
34:12 Padded Archer Armor
35:00 Scale Mail Armor
34:22 Pikeman
35:04 Squires
35:16 Forging
35:46 Block Printing
35:45 Halberdier
37:01 Iron Casting
36:42 Chain Mail Armor
36:48 Conscription
37:59 Two-Man Saw
37:59 Town Watch
37:56 Treadmill Crane
38:21 Siege Engineers
40:25 Blast Furnace
39:56 Plate Mail Armor
40:28 Wagenburg Tactics
41:21 Houfnice
42:24 Ballistics
42:20 Leather Archer Armor
41:56 Fletching
43:02 Murder Holes
44:10 Bombard Tower
45:04 Masonry
45:45 Ring Archer Armor
45:11 Bodkin Arrow
45:44 Onager
48:00 Caravan
49:14 Bracer
49:49 Capped Ram
51:29 Architecture
55:27 Arson
AiM | _MrSuomi
0:43 Loom
11:23 Feudal Age
15:34 Fletching
27:01 Castle Age
27:09 Double-Bit Axe
27:04 Horse Collar
34:23 Wheelbarrow
33:36 Town Watch
36:14 Bow Saw
38:36 Gold Mining
43:28 Imperial Age
41:23 Scale Mail Armor
41:26 Squires
41:55 Ballistics
41:30 Stone Mining
43:03 Chain Mail Armor
43:39 Forging
43:32 Elite Fire Lancer
44:47 Plate Mail Armor
46:06 Iron Casting
46:44 Chemistry
45:55 Arson
46:00 Elite Skirmisher
46:36 Bodkin Arrow
48:41 Bracer
50:46 Eupseong
52:09 Capped Ram
53:31 Conscription
Connection lost

Rejoining the realm…

Still unreachable

The connection could not be restored.

Session expired

The server has moved on; the page needs a fresh start.